 Dungeon Crawl Stone Soup version 0.31-a0-239-g0a1456f148 (webtiles) character file.

Game seed: 55740006781693049

129 qw the Shooter (level 4, -2/37 HPs)
             Began as a Minotaur Hexslinger on July 11, 2023.
             Slain by Pargi (5 damage)
             ... in a sewer.
             The game lasted 00:00:48 (2151 turns).

qw the Shooter (Minotaur Hexslinger)                Turns: 2151, Time: 00:00:48

Health: -2/37      AC:  7    Str: 12    XL:     4   Next: 88%
Magic:  4/4        EV: 12    Int: 10    God:
Gold:   69         SH:  0    Dex: 15    Spells: 4/5 levels left

rFire   . . .        d - +1 sling (heavy)
rCold   . . .        (no shield)
rNeg    . . .        e - +0 leather armour
rPois   .            (helmet restricted)
rElec   .            (no cloak)
rCorr   .            (no gloves)
SInv    .            (no boots)
Will    .....        i - amulet of regeneration
Stlth   +            k - +4 ring of protection
HPRegen 1.06/turn    (no ring)
MPRegen 0.09/turn

%: no passive effects
@: about to teleport
A: horns 2, retaliatory headbutt
a: no special abilities


You were in a sewer.
You visited 1 branch of the dungeon, and saw 4 of its levels.
You also visited: Sewer.

You collected 69 gold pieces.


Innate Abilities, Weirdness & Mutations

You have a pair of horns on your head.
You reflexively headbutt those who attack you in melee.


   Skills:
 + Level 2.8 Fighting
 - Level 5.1 Ranged Weapons
 - Level 2.1 Dodging
 - Level 1.0 Spellcasting
 - Level 2.0 Hexes


You had 4 spell levels left.
You knew the following spells:

 Your Spells              Type           Power      Damage    Failure   Level
a - Slow                  Hex            16%        N/A       19%         1

Your spell library contained the following spells:

 Spells                   Type           Power      Damage    Failure   Level
 Inner Flame              Hex/Fire       2%         N/A       65%         3
 Portal Projectile        Hex/Tloc       4%         N/A       65%         3
 Cause Fear               Hex            2%         N/A       88%         4

Inventory:

Hand Weapons
 d - a +1 heavy sling (weapon)
Armour
 e - a +0 leather armour (worn)
Jewellery
 i - an amulet of regeneration (around neck)
 k - a +4 ring of protection (left hand)
Scrolls
 a - a scroll of identify
 h - 3 scrolls of teleportation
Potions
 b - a potion of cancellation {unknown}
 c - a potion of berserk rage {unknown}
 f - a potion of resistance {unknown}
 g - a potion of haste {unknown}
 j - a potion of magic {unknown}

Dungeon Overview and Level Annotations

Branches:
Dungeon (4/15)              Sewer (1/1)
 Temple: D:4-7

Altars:
Fedhas

Shops:
D:2 [

Annotations:
Sewer Pargi


Message History

Pargi barely misses you. x2; Pargi bites you but does no damage.
Pargi barely misses you. x2
You shoot a sling bullet. The sling bullet hits Pargi.
Pargi is moderately wounded.
Pargi closely misses you. Pargi claws you but does no damage. x2
Pargi bites you. Pargi barely misses you. Pargi claws you.
You shoot a sling bullet. The sling bullet closely misses Pargi.
Pargi barely misses you. You furiously retaliate!
You headbutt Pargi. Pargi claws you. Pargi claws you but does no damage.
You shoot a sling bullet. The sling bullet barely misses Pargi.
Pargi bites you but does no damage. Pargi claws you but does no damage.
Pargi misses you. Pargi barely misses you. Pargi closely misses you.
Pargi claws you.
You shoot a sling bullet. The sling bullet hits Pargi.
Pargi is moderately wounded.
Pargi bites you. Pargi claws you but does no damage. Pargi barely misses you.
Pargi bites you. Pargi misses you. Pargi claws you but does no damage.
You shoot a sling bullet. The sling bullet closely misses Pargi.
Pargi bites you but does no damage. Pargi claws you but does no damage.
Pargi claws you. Pargi bites you. Pargi closely misses you. Pargi claws you.
You shoot a sling bullet. The sling bullet hits Pargi.
Pargi is moderately wounded.
Pargi bites you. Pargi misses you. Pargi claws you but does no damage.
Pargi bites you. Pargi barely misses you. Pargi claws you but does no damage.
You shoot a sling bullet.
The sling bullet completely misses Pargi.
Pargi bites you! Pargi barely misses you. Pargi claws you but does no damage.
You shoot a sling bullet. The sling bullet hits Pargi.
Pargi is moderately wounded.
Pargi bites you but does no damage. Pargi claws you but does no damage.
Pargi closely misses you. x2; Pargi claws you but does no damage.
Pargi claws you.
You shoot a sling bullet. The sling bullet barely misses Pargi.
Pargi bites you. Pargi closely misses you. Pargi barely misses you.
Pargi bites you. Pargi misses you. Pargi claws you.
2151 ||| READING 4 scrolls of teleportation.
As you read the scroll of teleportation, it crumbles to dust.
You feel strangely unstable. Pargi bites you.
You die...

#~~~~~~~~~~.
#~~~~~~~~~~ #~~~~~~~~.#
#~~~~~~~~.# #~~~~~~~~.
~~~~~~~~~ #~~~~~~.##
~~~~~~~%T# #~~~~~~@.#
##~~~~~~.# #~~~~~~~~##
#~~~~~~~~.###
~~~~~~~~~.~.# ###
#~~~~~~~~~~.# ##.##
##~~~~~~~~.## ##\\.#
#~~~~~~~~~~#####~~~.#.~
#~~~~~~~~~~.#.~~~~~~~~~


You could see Pargi.

Vanquished Creatures
  An orc priest (D:3)
  4 adders
  A worm (D:3)
  4 orcs (D:3)
  3 endoplasms
  4 giant cockroaches
  3 goblins
  A hobgoblin (D:1)
  6 jackals (D:1)
  A quokka (D:2)
  10 ball pythons
  3 bats
  9 frilled lizards
  8 kobolds
  6 rats
64 creatures vanquished.

Notes
Turn   | Place    | Note
-------+----------+-------------------------------------------
     0 | D:1      | qw the Minotaur Hexslinger began the quest for the Orb.
     0 | D:1      | Reached XP level 1. HP: 16/16 MP: 1/1
     0 | D:1      | 0 ||| qw: Version: 0.3-a-52-g30416fa
     0 | D:1      | 0 ||| qw: Game counter: 5933
     0 | D:1      | 0 ||| qw: Melee chars always use a shield: true
     0 | D:1      | 0 ||| qw: God list: Okawaru
     0 | D:1      | 0 ||| qw: Allow faded altars: false
     0 | D:1      | 0 ||| qw: Do Orc after clearing Dungeon:15 true
     0 | D:1      | 0 ||| qw: Do second Lair branch before Depths: true
     0 | D:1      | 0 ||| qw: Lair rune preference: random
     0 | D:1      | 0 ||| qw: Goals: Normal
     0 | D:1      | 0 ||| PLANNING D:1-11
   352 | D:1      | Reached skill level 3 in Ranged Weapons
   356 | D:1      | Reached XP level 2. HP: 18/23 MP: 2/2
   744 | D:1      | 744 ||| UPGRADING to +0 leather armour.
   754 | D:1      | 754 ||| DROPPING +0 robe.
   755 | D:1      | 755 ||| UPGRADING to amulet of regeneration.
   760 | D:1      | 760 ||| READING scroll labelled YZUSMENN KORHI.
   761 | D:1      | 761 ||| READING 4 scrolls labelled VAARGHO HEBRIR.
   764 | D:1      | 764 ||| DROPPING scroll of poison.
   792 | D:2      | Found Yleb's Armour Emporium.
   802 | D:2      | 802 ||| SHOPLISTING +0 pair of boots (54 gold, have 32).
   802 | D:2      | 802 ||| SHOPLISTING +0 ring mail (48 gold, have 32).
   802 | D:2      | 802 ||| SHOPLISTING +2 leather armour of cold resistance
                  | (228 gold, have 32).
   808 | D:2      | Found a blossoming altar of Fedhas.
  1048 | D:2      | Reached XP level 3. HP: 29/29 MP: 3/3
  1062 | D:2      | Found a faded altar of an unknown god.
  1286 | D:2      | Reached skill level 4 in Ranged Weapons
  1501 | D:2      | 1501 ||| READING scroll labelled DEXEBI HEINAMM.
  1633 | D:3      | Reached XP level 4. HP: 36/36 MP: 4/4
  1788 | D:3      | 1788 ||| Stepping ~*~*~tactically~*~*~ (outnumbered).
  1797 | D:3      | Reached skill level 5 in Ranged Weapons
  1979 | D:3      | 1979 ||| UPGRADING to +4 ring of protection.
  1980 | D:3      | 1980 ||| READING scroll labelled GUOSIV DAICK.
  2009 | D:4      | 2009 ||| PLANNING SEWER
  2082 | D:4      | Found a glowing drain.
  2084 | D:4      | 2084 ||| READING scroll labelled JEPEOFF WUEVA.
  2103 | D:4      | 2103 ||| Stepping ~*~*~tactically~*~*~ (water).
  2108 | Sewer    | Entered a sewer
  2114 | Sewer    | 2114 ||| Stepping ~*~*~tactically~*~*~ (water).
  2134 | Sewer    | Noticed Pargi
  2135 | Sewer    | 2135 ||| Stepping ~*~*~tactically~*~*~ (water).
  2150 | Sewer    | HP: 8/37 [Pargi (5)]
  2150 | Sewer    | HP: 3/37 [Pargi (5)]
  2151 | Sewer    | 2151 ||| READING 4 scrolls of teleportation.
  2151 | Sewer    | Slain by Pargi

Levels and vault maps discovered:
D:1:      erik_arrival_cave_to_civilisation [erik_arrival_cave_to_hall],
          layout_basic
D:2:      layout_basic, serial_shops,
          nicolae_shop_temple_entry_statues_fountains,
          ebering_ecumenical_altar_rust, basic_altar
D:3:      layout_basic
D:4:      layout_rooms, slow_altar_1, portal_sewer_entry_a, minmay_cupped
Sewer:    sewer_co_pargi_island

Skill      XL: |  1  2  3  4 |
---------------+-------------+-----
Ranged Weapons | 3 4 5 |  5.1
Fighting       | 2 |  2.8
Dodging        | |  2.1
Spellcasting   | |  1.0
Hexes          | |  2.0

Action                     |  1- 3 |  4- 6 || total
---------------------------+-------+-------++-------
   Fire: Sling             |   105 |    65 ||   170
    Use: Scroll            |     3 |     3 ||     6
 Armour: Robe              |     9 |       ||     9
         Leather armour    |     5 |    29 ||    34
  Dodge: Dodged            |    24 |    60 ||    84

Table legend:
 A = Non-vault XP
 B = Vault XP
 C = Vault XP percentage of total XP
 D = Non-vault monster count
 E = Vault monster count
 F = Vault count percentage of total count
                 A         B        C        D         E       F
            +---------+---------+-------+---------+---------+-------
      Total |     152 |      33 |  17.8 |      48 |      16 |  25.0
            +---------+---------+-------+---------+---------+-------
        D:1 |      30 |       2 |   6.2 |      19 |       2 |   9.5
        D:2 |      40 |       0 |   0.0 |      11 |       0 |   0.0
        D:3 |      81 |       0 |   0.0 |      17 |       0 |   0.0
        D:4 |       1 |      15 |  93.8 |       1 |      10 |  90.9
      Sewer |       0 |      16 | 100.0 |       0 |       4 | 100.0
            +---------+---------+-------+---------+---------+-------
